MLB
LOS ANGELES DODGERS @ CLEVELAND GUARDIANS
05/31/2098
 
TOP OF THE 1ST
Los Angeles Dodgers batting - Pitching for Cleveland Guardians : LHP Danny Sanchez
Pitching: LHP Danny Sanchez
Batting: RHB Brad Horwath 0-0: Swinging Strike
0-1: Ball
1-1: Swinging Strike
1-2: Foul Ball, location: 9LMFF
1-2: Ball
2-2: Foul Ball, location: 9LMF
2-2: Strikes out looking
Batting: RHB Dan Boyd 0-0: Ball
1-0: Ball
2-0: Called Strike
2-1: Foul Ball, location: 2F
2-2: Ball
3-2: Foul Ball, location: 2F
3-2: Base on Balls
Batting: RHB John Spohn 0-0: Called Strike
0-1: Called Strike
0-2: Ball
1-2: SINGLE (Groundball, 4S, EV 76.9 MPH) (infield hit)
Dan Boyd to second
Batting: RHB Victor Salinas 0-0: Swinging Strike
0-1: Grounds into double play, 4-6-3 (Groundball, 4, EV 84.4 MPH)
Top of the 1st over - 0 runs, 1 hit, 0 errors, 1 left on base; Los Angeles 0 - Cleveland 0
BOTTOM OF THE 1ST
Cleveland Guardians batting - Pitching for Los Angeles Dodgers : LHP Mike Rumschlag
Pitching: LHP Mike Rumschlag
Batting: RHB Chase Calhoun 0-0: Foul Ball, location: 3F
0-1: Ball
1-1: Ground out 4-3 (Groundball, 4, EV 78.8 MPH)
Batting: LHB Mel Soto 0-0: Foul Ball, location: 23FF
0-1: Ball
1-1: Ball
2-1: Called Strike
2-2: Ball
3-2: Strikes out swinging
Batting: RHB Barry Nicholson 0-0: Swinging Strike
0-1: Called Strike
0-2: Ball
1-2: Foul Ball, location: 2F
1-2: Ball
2-2: Ground out 6-3 (Groundball, 6, EV 102.5 MPH)
Bottom of the 1st over - 0 runs, 0 hits, 0 errors, 0 left on base; Los Angeles 0 - Cleveland 0
TOP OF THE 2ND
Los Angeles Dodgers batting - Pitching for Cleveland Guardians : LHP Danny Sanchez
Batting: LHB Greg Thompson 0-0: Ball
1-0: Called Strike
1-1: Ball
2-1: Foul Ball, location: 2F
2-2: Ball
3-2: Base on Balls
Batting: RHB Luis Lozada 0-0: Called Strike
0-1: Foul Ball, location: 5SF
0-2: Ball
1-2: Strikes out looking
Batting: RHB Bryan Uplinger 0-0: Ball
1-0: Fielders Choice at 2nd, 4-6 (Groundball, 4, EV 86.3 MPH)
Batting: RHB Ron Ascencio 0-0: Ball
1-0: Called Strike
Bryan Uplinger steals 2nd base (no throw)
1-1: Ball
2-1: Swinging Strike
2-2: Strikes out looking
Top of the 2nd over - 0 runs, 0 hits, 0 errors, 1 left on base; Los Angeles 0 - Cleveland 0
BOTTOM OF THE 2ND
Cleveland Guardians batting - Pitching for Los Angeles Dodgers : LHP Mike Rumschlag
Batting: LHB Jonathan Setzler 0-0: Ball
1-0: Called Strike
1-1: Called Strike
1-2: Strikes out swinging
Batting: RHB Jimmy Murphey 0-0: Ball
1-0: Ball
2-0: Called Strike
2-1: Ball
3-1: Called Strike
3-2: Foul Ball, location: 2F
3-2: Strikes out swinging, 2-3 out at first.
Batting: LHB Dallas Ostrove 0-0: Called Strike
0-1: Ball
1-1: Fly out, F7 (Flyball, 7, EV 80.6 MPH)
Bottom of the 2nd over - 0 runs, 0 hits, 0 errors, 0 left on base; Los Angeles 0 - Cleveland 0
TOP OF THE 3RD
Los Angeles Dodgers batting - Pitching for Cleveland Guardians : LHP Danny Sanchez
Batting: SHB Freddie Mitchell 0-0: Fly out, F8 (Flyball, 8RM, EV 95.6 MPH)
Batting: RHB Brad Horwath 0-0: Foul Ball, location: 2F
0-1: Swinging Strike
0-2: Ball
1-2: Fly out, F9 (Flyball, 9D, EV 93.1 MPH)
Batting: RHB Dan Boyd 0-0: Fly out, F9 (Line Drive, 9D, EV 86.9 MPH)
Top of the 3rd over - 0 runs, 0 hits, 0 errors, 0 left on base; Los Angeles 0 - Cleveland 0
BOTTOM OF THE 3RD
Cleveland Guardians batting - Pitching for Los Angeles Dodgers : LHP Mike Rumschlag
Batting: RHB Chris Downs 0-0: Ball
1-0: Foul Ball, location: 9LDF
1-1: Called Strike
1-2: Ball
2-2: Strikes out swinging, 2-3 out at first.
Batting: RHB Ciro Visconti 0-0: Ground out 6-3 (Groundball, 6S, EV 72.5 MPH)
Batting: RHB Chris Goacher 0-0: Called Strike
0-1: Swinging Strike
0-2: Ball
1-2: Foul Ball, location: 5F
1-2: Strikes out swinging
Bottom of the 3rd over - 0 runs, 0 hits, 0 errors, 0 left on base; Los Angeles 0 - Cleveland 0
TOP OF THE 4TH
Los Angeles Dodgers batting - Pitching for Cleveland Guardians : LHP Danny Sanchez
Batting: RHB John Spohn 0-0: Ball
1-0: Swinging Strike
1-1: Foul Ball, location: 2F
1-2: Fly out, F8 (Flyball, 78D, EV 106.3 MPH)
Batting: RHB Victor Salinas 0-0: Called Strike
0-1: Ball
1-1: Ball
2-1: Called Strike
2-2: SINGLE (Flyball, 5D, EV 95.0 MPH)
Batting: LHB Greg Thompson 0-0: Called Strike
0-1: Foul Ball, location: 7LDF
0-2: Ball
1-2: Grounds out, U3 (Groundball, 3L, EV 93.1 MPH)
Batting: RHB Luis Lozada 0-0: Ball
1-0: Foul Ball, location: 3SF
1-1: Swinging Strike
1-2: Strikes out swinging
Top of the 4th over - 0 runs, 1 hit, 0 errors, 1 left on base; Los Angeles 0 - Cleveland 0
BOTTOM OF THE 4TH
Cleveland Guardians batting - Pitching for Los Angeles Dodgers : LHP Mike Rumschlag
Pitching: RHP David Revis
Batting: RHB Chase Calhoun 0-0: Foul Ball, location: 25FF
0-1: Called Strike
0-2: Foul Ball, location: 2F
0-2: Ball
1-2: Strikes out looking
Batting: LHB Mel Soto 0-0: Ball
1-0: Foul Ball, location: 25F
1-1: Ball
2-1: Ball
3-1: Foul Ball, location: 7LMF
3-2: Foul Ball, location: 7LMF
3-2: DOUBLE (Flyball, 8LXD, EV 95.6 MPH)
Batting: RHB Barry Nicholson 0-0: Foul Ball, location: 5F
0-1: Fly out, F8 (Flyball, 89D, EV 96.9 MPH)
Runner from 2nd tags up, SAFE at 3rd, no throw by CF
Batting: LHB Jonathan Setzler 0-0: Called Strike
0-1: Foul Ball, location: 7LMF
0-2: Ball
Wild Pitch!
Mel Soto scores
1-2: Ball
2-2: Foul Ball, location: 2F
2-2: Ball
3-2: Base on Balls
Batting: RHB Jimmy Murphey 0-0: Called Strike
0-1: Called Strike
0-2: Ball
1-2: SINGLE (Line Drive, 4D, EV 98.1 MPH)
Jonathan Setzler to second
Batting: LHB Dallas Ostrove 0-0: Called Strike
0-1: Ball
1-1: Ball
2-1: Foul Ball, location: 2F
2-2: Foul Ball, location: 7LSF
2-2: Ball
3-2: Strikes out swinging
Bottom of the 4th over - 1 run, 2 hits, 0 errors, 2 left on base; Los Angeles 0 - Cleveland 1
TOP OF THE 5TH
Los Angeles Dodgers batting - Pitching for Cleveland Guardians : LHP Danny Sanchez
Batting: RHB Bryan Uplinger 0-0: Called Strike
0-1: Swinging Strike
0-2: Ball
1-2: Ball
2-2: Strikes out swinging
Batting: RHB Ron Ascencio 0-0: Ball
1-0: Ball
2-0: Called Strike
2-1: Ground out 5-3 (Groundball, 56S, EV 87.5 MPH)
Batting: SHB Freddie Mitchell 0-0: Fly out, F8 (Flyball, 8RXD, EV 102.5 MPH)
Top of the 5th over - 0 runs, 0 hits, 0 errors, 0 left on base; Los Angeles 0 - Cleveland 1
BOTTOM OF THE 5TH
Cleveland Guardians batting - Pitching for Los Angeles Dodgers : RHP David Revis
Batting: RHB Chris Downs 0-0: Ball
1-0: Foul Ball, location: 5FF
1-1: Swinging Strike
1-2: SOLO HOME RUN (Flyball, 7D, EV 98.1 MPH), Distance : 373 ft
Pitching: RHP Sean McNees
Batting: RHB Ciro Visconti 0-0: Foul Ball, location: 9LDF
0-1: SINGLE (Groundball, 6M, EV 98.1 MPH) (infield hit)
Batting: RHB Chris Goacher 0-0: Bunt missed!
0-1: Bunted foul
0-2: Ball
1-2: Ball
2-2: SINGLE (Groundball, 5D, EV 96.9 MPH)
Ciro Visconti to second
Batting: RHB Chase Calhoun 0-0: Ball
1-0: SINGLE (Groundball, 56S, EV 70.0 MPH) (infield hit)
Ciro Visconti to third
Chris Goacher to second
Batting: LHB Mel Soto 0-0: Called Strike
0-1: Fly out, F4 (Popup, 4MD, EV 56.3 MPH)
Batting: RHB Barry Nicholson 0-0: Swinging Strike
0-1: Called Strike
0-2: Foul Ball, location: 2F
0-2: Ball
1-2: Grounds into double play, 5-2-3 (Groundball, 56, EV 100.0 MPH)
Bottom of the 5th over - 1 run, 4 hits, 0 errors, 2 left on base; Los Angeles 0 - Cleveland 2
TOP OF THE 6TH
Los Angeles Dodgers batting - Pitching for Cleveland Guardians : LHP Danny Sanchez
Batting: RHB Brad Horwath 0-0: Foul Ball, location: 3F
0-1: Foul Ball, location: 3SF
0-2: Ball
1-2: Strikes out swinging
Batting: RHB Dan Boyd 0-0: Ball
1-0: Ball
2-0: Called Strike
2-1: Ground out 3-1 (Groundball, 34, EV 83.1 MPH)
Batting: RHB John Spohn 0-0: Swinging Strike
0-1: Foul Ball, location: 7LMF
0-2: Ball
1-2: Strikes out swinging
Top of the 6th over - 0 runs, 0 hits, 0 errors, 0 left on base; Los Angeles 0 - Cleveland 2
BOTTOM OF THE 6TH
Cleveland Guardians batting - Pitching for Los Angeles Dodgers : RHP Sean McNees
Batting: LHB Jonathan Setzler 0-0: Ball
1-0: Ball
2-0: Called Strike
2-1: Ball
3-1: Called Strike
3-2: Foul Ball, location: 7LSF
3-2: Foul Ball, location: 2F
3-2: Foul Ball, location: 23F
3-2: DOUBLE (Line Drive, 5D, EV 103.1 MPH)
Pitching: RHP Kyle McLelland
Batting: RHB Jimmy Murphey 0-0: Called Strike
0-1: Ball
1-1: Ball
2-1: Swinging Strike
2-2: Ball
3-2: Base on Balls
Batting: LHB Dallas Ostrove 0-0: SINGLE (Flyball, 8RS, EV 91.9 MPH)
Jonathan Setzler to third
Jimmy Murphey to second
Runner from 3rd tries for Home, SAFE, throw by CF to home
Batting: RHB Chris Downs 0-0: Foul Ball, location: 23FF
0-1: Called Strike
0-2: Foul Ball, location: 2RF
0-2: Ball
1-2: Ball
2-2: Foul Ball, location: 2LF
2-2: Foul Ball, location: 3F
2-2: Foul Ball, location: 5F
2-2: Ball
3-2: Base on Balls
Jimmy Murphey to third
Dallas Ostrove to second
Batting: RHB Ciro Visconti 0-0: Called Strike
0-1: Swinging Strike
0-2: Ball
1-2: Foul Ball, location: 2F
1-2: Ball
2-2: Ball
3-2: Strikes out swinging
Batting: RHB Chris Goacher 0-0: Called Strike
0-1: Ball
1-1: Called Strike
1-2: Ball
2-2: Grounds into fielders choice 4-2 (Groundball, 4, EV 86.3 MPH)
Dallas Ostrove to third
Chris Downs to second
Batting: RHB Chase Calhoun 0-0: Ball
1-0: Ball
2-0: Foul Ball, location: 2LF
2-1: Ball
3-1: Base on Balls
Dallas Ostrove scores
Chris Downs to third
Chris Goacher to second
Pitching: LHP Jose Amaro
Batting: LHB Mel Soto 0-0: Fly out, F8 (Flyball, 8RD, EV 100.6 MPH)
Bottom of the 6th over - 2 runs, 2 hits, 0 errors, 3 left on base; Los Angeles 0 - Cleveland 4
TOP OF THE 7TH
Los Angeles Dodgers batting - Pitching for Cleveland Guardians : LHP Danny Sanchez
Batting: RHB Victor Salinas 0-0: Called Strike
0-1: Fly out, F8 (Line Drive, 8LM, EV 106.9 MPH)
Batting: LHB Greg Thompson 0-0: Called Strike
0-1: Swinging Strike
0-2: Ball
1-2: Ball
2-2: Strikes out swinging
Batting: RHB Luis Lozada 0-0: Called Strike
0-1: Called Strike
0-2: Ball
1-2: Strikes out swinging
Top of the 7th over - 0 runs, 0 hits, 0 errors, 0 left on base; Los Angeles 0 - Cleveland 4
BOTTOM OF THE 7TH
Cleveland Guardians batting - Pitching for Los Angeles Dodgers : LHP Jose Amaro
Batting: RHB Barry Nicholson 0-0: SOLO HOME RUN (Flyball, 7LD, EV 96.9 MPH), Distance : 359 ft
Batting: LHB Jonathan Setzler 0-0: Swinging Strike
0-1: Swinging Strike
0-2: Strikes out swinging
Batting: RHB Jimmy Murphey 0-0: Ball
1-0: Fly out, F8 (Flyball, 8RS, EV 92.5 MPH)
Batting: LHB Dallas Ostrove 0-0: Ball
1-0: Swinging Strike
1-1: Ball
2-1: Foul Ball, location: 2F
2-2: Ball
3-2: Strikes out swinging
Bottom of the 7th over - 1 run, 1 hit, 0 errors, 0 left on base; Los Angeles 0 - Cleveland 5
TOP OF THE 8TH
Los Angeles Dodgers batting - Pitching for Cleveland Guardians : LHP Danny Sanchez
Batting: RHB Bryan Uplinger 0-0: Called Strike
0-1: Called Strike
0-2: Ball
1-2: Foul Ball, location: 2F
1-2: Ball
2-2: Fly out, F3 (Popup, 23F, EV 82.5 MPH)
Batting: RHB Ron Ascencio 0-0: Called Strike
0-1: Called Strike
0-2: Ground out 6-3 (Groundball, 6, EV 83.8 MPH)
Batting: SHB Freddie Mitchell 0-0: Ball
1-0: Ball
2-0: SINGLE (Groundball, 13S, EV 75.6 MPH) (infield hit)
Batting: RHB Brad Horwath 0-0: Ball
1-0: Ball
2-0: Called Strike
2-1: SINGLE (Line Drive, 4D, EV 96.9 MPH)
Freddie Mitchell to second
Runner from 2nd tries for 3rd, SAFE, throw by CF made to third
Batting: RHB Dan Boyd 0-0: Ball
1-0: Ball
2-0: Ball
3-0: Base on Balls
Brad Horwath to second
Batting: RHB John Spohn 0-0: Ball
1-0: Ball
2-0: Called Strike
2-1: Called Strike
2-2: SINGLE (Line Drive, 34, EV 97.5 MPH)
Freddie Mitchell scores
Brad Horwath to third
Dan Boyd to second
Runner from 3rd tries for Home, SAFE, throw by RF to home
Batting: RHB Victor Salinas 0-0: Swinging Strike
0-1: Ball
1-1: Swinging Strike
1-2: Foul Ball, location: 2F
1-2: Ball
2-2: Strikes out swinging
Top of the 8th over - 2 runs, 3 hits, 0 errors, 2 left on base; Los Angeles 2 - Cleveland 5
BOTTOM OF THE 8TH
Cleveland Guardians batting - Pitching for Los Angeles Dodgers : LHP Jose Amaro
Batting: RHB Chris Downs 0-0: Called Strike
0-1: Ball
1-1: Swinging Strike
1-2: Ball
2-2: SINGLE (Line Drive, 7S, EV 86.9 MPH)
Batting: RHB Ciro Visconti 0-0: Called Strike
0-1: Swinging Strike
0-2: Foul Ball, location: 3SF
0-2: Ball
1-2: Strikes out swinging
Batting: RHB Chris Goacher 0-0: Called Strike
0-1: Swinging Strike
0-2: Ball
Wild Pitch!
Chris Downs to second
1-2: Foul Ball, location: 3FF
1-2: Ball
Wild Pitch!
Chris Downs to third
2-2: Reached via error on a dropped throw from 1B, E1 (Groundball, 34, EV 110.0 MPH)
Pitching: RHP Ron Walker
Batting: RHB Chase Calhoun 0-0: Ball
1-0: Foul Ball, location: 9LMF
1-1: Ball
2-1: Called Strike
2-2: SINGLE (Groundball, 4MS, EV 71.9 MPH) (infield hit)
Chris Downs scores
Chris Goacher to second
Batting: LHB Mel Soto 0-0: Called Strike
0-1: Ball
1-1: Foul Ball, location: 2F
1-2: Grounds into double play, 4-6-3 (Groundball, 34, EV 91.3 MPH)
Bottom of the 8th over - 1 run, 2 hits, 1 error, 1 left on base; Los Angeles 2 - Cleveland 6
TOP OF THE 9TH
Los Angeles Dodgers batting - Pitching for Cleveland Guardians : LHP Danny Sanchez
Pitching: RHP Eddie Gonzalez
Batting: LHB Greg Thompson 0-0: Ball
1-0: SOLO HOME RUN (Flyball, 9LD, EV 98.1 MPH), Distance : 360 ft
Batting: RHB Luis Lozada 0-0: Called Strike
0-1: Called Strike
0-2: Ball
1-2: SINGLE (Line Drive, 5D, EV 109.4 MPH)
Pinch Hitting: LHB Jose Camacho 0-0: Ball
1-0: Fielders Choice at 2nd, 4-6 (Groundball, 4, EV 101.3 MPH)
Pitching: RHP Brian Pitts
Pinch Hitting: LHB Joel Holden 0-0: Grounds into double play, 6-4-3 (Groundball, 6, EV 84.4 MPH)
Top of the 9th over - 1 run, 2 hits, 0 errors, 0 left on base; Los Angeles 3 - Cleveland 6
Thursday, April 4th , 2024 - OOTP Baseball 24.11 Build 85